 Dungeon Crawl Stone Soup version 0.20.1-1-g8b1a95d (webtiles) character file.

80 vatarom the Firebug (level 4, 0/24 HPs)
             Began as a Deep Elf Fire Elementalist on Sept 1, 2017.
             Slain by an adder (3 damage)
             ... on level 2 of the Dungeon.
             The game lasted 00:04:56 (1254 turns).

vatarom the Firebug (Deep Elf Fire Elementalist)    Turns: 1254, Time: 00:04:57

Health: 0/24       AC:  2    Str:  5    XL:     4   Next: 18%
Magic:  9/10       EV: 12    Int: 21    God:
Gold:   77         SH:  4    Dex: 15    Spells: 3/9 levels left

rFire    . . .     SeeInvis .   g - +1 whip (venom)
rCold    . . .     Gourm    .   j - +0 buckler (curse)
rNeg     . . .     Faith    .   a - +0 robe
rPois    .         Spirit   .   (no helmet)
rElec    .         Reflect  .   (no cloak)
rCorr    .         Harm     .   (no gloves)
MR       .....                  (no boots)
Stlth    ++........             (no amulet)
Regen    0.1/turn               (no ring)
MPRegen  0.2/turn               (no ring)

@: very slightly contaminated, slowed, very slow
A: no striking features
a: no special abilities


You were on level 2 of the Dungeon.
You were not hungry.

You visited 1 branch of the dungeon, and saw 2 of its levels.

You collected 77 gold pieces.

Inventory:

Hand Weapons
 g - a +1 whip of venom (weapon)
Armour
 a - a +0 robe (worn)
 j - a cursed +0 buckler (worn)
Scrolls
 e - a scroll of identify
Potions
 i - a potion of resistance
 k - a potion of agility
 l - a potion of magic
Books
 b - a book of Flames

   Spells                             Type                      Level
   a - Flame Tongue                   Conjuration/Fire             1
   b - Throw Flame                    Conjuration/Fire             2
   c - Conjure Flame                  Conjuration/Fire             3
   d - Inner Flame                    Hexes/Fire                   3
   e - Sticky Flame                   Conjuration/Fire             4
   f - Fireball                       Conjuration/Fire             5
Comestibles
 c - 3 bread rations
 d - 3 meat rations
 f - 2 chunks of flesh
 h - 2 royal jellies


   Skills:
 - Level 2.4 Dodging
 - Level 2.4 Stealth
 * Level 1.1 Shields
 - Level 3.0 Spellcasting
 - Level 1.1 Conjurations
 + Level 5.2 Fire Magic


You had 3 spell levels left.
You knew the following spells:

 Your Spells              Type           Power        Failure   Level  Hunger
a - Flame Tongue          Conj/Fire      ###..        5%          1    None
b - Throw Flame           Conj/Fire      ###...       8%          2    ##.....
c - Conjure Flame         Conj/Fire      ###.....     16%         3    ###....


Dungeon Overview and Level Annotations

Branches:
Dungeon (2/15)

Altars:
Ashenzari
Nemelex Xobeh


Message History

You have reached level 4!
You feel clever. The adder barely misses you.
Casting: Flame Tongue
Confirm with . or Enter, or press ? or * to list all spells.
Aiming: Flame Tongue
Press: ? - help, Shift-Dir - straight line, f - adder
Aim: an adder The flame tongue misses the adder.
You block the adder's attack. The adder barely misses you.
You block the adder's attack.
Casting: Flame Tongue
Confirm with . or Enter, or press ? or * to list all spells.
Aiming: Flame Tongue
Press: ? - help, Shift-Dir - straight line, f/p - adder
Aim: an adder The flame tongue hits the adder.
The adder is severely wounded.
The adder bites you.
You die...

######### ######.......#
...##.#####.#
###.##.#####.# #
#.....S@..##.# #### ###
#(##.#.##.##.##.# #.. ..#
#.........##.##.# #.# #.#
####.####.......####.####.#
#...##.#####.........#.#
#.#.##.# ######.##.#.#
#.#.##.# #....... #.. ...#
#......# #.. .. ##.#.(##


You could see an adder.

Vanquished Creatures
  Natasha (twice) (D:2)
  A dart slug (D:1)
  A leopard gecko (D:2)
  3 goblins
  5 hobgoblins
  3 kobolds
  A quokka (D:2)
  2 ball pythons (D:1)
  3 bats
  2 frilled lizards (D:2)
  6 rats
29 creatures vanquished.

Notes
Turn   | Place    | Note
-------+----------+-------------------------------------------
     0 | D:1      | vatarom the Deep Elf Fire Elementalist began the quest for the Orb.
     0 | D:1      | Reached XP level 1. HP: 10/10 MP: 6/6
    15 | D:1      | Found a shattered altar of Ashenzari.
   344 | D:1      | Reached XP level 2. HP: 15/15 MP: 6/8
   353 | D:1      | Learned a level 2 spell: Throw Flame
   376 | D:1      | Reached skill level 4 in Fire Magic
   729 | D:2      | Found a sparkling altar of Nemelex Xobeh.
   952 | D:2      | Noticed Natasha
   957 | D:2      | Killed Natasha
   957 | D:2      | Reached skill level 5 in Fire Magic
   957 | D:2      | Reached XP level 3. HP: 19/19 MP: 3/9
  1216 | D:2      | Learned a level 3 spell: Conjure Flame
  1239 | D:2      | Noticed Natasha
  1251 | D:2      | Killed Natasha
  1251 | D:2      | Reached skill level 1 in Shields
  1251 | D:2      | Reached XP level 4. HP: 2/24 MP: 10/10
  1254 | D:2      | Slain by an adder

Skill      XL: |  1  2  3 |
---------------+----------+-----
Fire Magic     | 5 |  5.2
Shields        | 1 |  1.1
Dodging        | |  2.4
Stealth        | |  2.4
Spellcasting   | |  3.0
Conjurations   | |  1.1

Action                   |  1- 3 |  4- 6 || total
-------------------------+-------+-------++-------
Melee: Whip              |     6 |       ||     6
 Cast: Flame Tongue      |    39 |     2 ||    41
       Throw Flame       |     7 |       ||     7
  Use: Potion            |     3 |       ||     3
       Scroll            |     2 |       ||     2
  Eat: Chunk             |     1 |       ||     1
Armor: Robe              |     1 |       ||     1
Dodge: Dodged            |    14 |     2 ||    16
Block: Buckler           |     2 |     2 ||     4
